 Dungeon Crawl Stone Soup version 0.30-a0-159-g068b764562 (webtiles) character file.

Game seed: 8617279015513872219

30 porpoise the Cutter (level 3, -3/18 (23) HPs)
             Began as a Kobold Reaver on Sept 28, 2022.
             Slain by Sigmund
             ... wielding a +1 vorpal scythe
              (11 damage)
             ... on level 2 of the Dungeon.
             The game lasted 00:07:03 (1373 turns).

porpoise the Cutter (Kobold Reaver)                 Turns: 1373, Time: 00:07:04

HP:   -3/18 (23)    AC:  4    Str:  9    XL:     3   Next: 37%
MP:   5/6           EV: 14    Int: 14    God:
Gold: 111           SH:  0    Dex: 15    Spells: 5/6 levels left

rFire   + + .      SeeInvis .    a - +0 rapier
rCold   + . .      Faith    .    (no shield)
rNeg    . . .      Spirit   .    b - +0 leather armour
rPois   .          Reflect  .    (no helmet)
rElec   .          Harm     .    d - scarf {rC+ rF+}
rCorr   .          Rampage  .    (no gloves)
Will    .....                    p - +0 pair of boots
Stlth   +++.......               (no amulet)
HPRegen 0.06/turn                e - ring of protection from fire
MPRegen 0.10/turn                (no ring)

@: heavily drained
A: small, no large weapons, nightstalker 3
a: no special abilities


You were on level 2 of the Dungeon.
You visited 1 branch of the dungeon, and saw 2 of its levels.

You collected 111 gold pieces.

Inventory:

Hand Weapons
 a - a +0 rapier (weapon)
 i - a +0 short sword
Armour
 b - a +0 leather armour (worn)
 d - a scarf of resistance (worn)
 l - an orb of energy
 p - a +0 pair of boots (worn)
Jewellery
 e - a ring of protection from fire (left hand)
Scrolls
 g - a scroll of enchant weapon {unknown}
 h - a scroll of identify {unknown}
 k - a scroll of torment {unknown}
 n - 4 scrolls of teleportation {unknown}
 q - 2 scrolls of enchant armour {unknown}
 s - a scroll of magic mapping {unknown}
Potions
 c - 3 potions of brilliance {unknown}
 f - 2 potions of resistance {unknown}
 j - a potion of heal wounds {unknown}
 m - a potion of mutation {unknown}
 o - 2 potions of might {unknown}
 r - a potion of ambrosia {unknown}


   Skills:
 * Level 3.0 Fighting
 * Level 4.7 Short Blades
 - Level 2.4 Dodging
 + Level 1.3 Stealth
 - Level 2.2 Spellcasting
 - Level 3.0 Conjurations


You had 5 spell levels left.
You knew the following spells:

 Your Spells              Type           Power      Damage    Failure   Level
a - Kiss of Death         Conj/Necr      20%        2d7       19%         1

Your spell library contained the following spells:

 Spells                   Type           Power      Damage    Failure   Level
 Freeze                   Ice            4%         1d3       32%         1
 Summon Small Mammal      Summ           4%         N/A       32%         1
 Volcanic Tap             Conj/Fire/Erth 8%         3d8       32%         2
 Hailstorm                Conj/Ice       5%         3d4       47%         3
 Call Canine Familiar     Summ           1%         N/A       69%         3
 Frozen Ramparts          Ice            2%         1d1       69%         3
 Summon Guardian Golem    Hex/Summ       1%         N/A       69%         3


Dungeon Overview and Level Annotations

Branches:
Dungeon (2/15)

Altars:

Annotations:
D:2 Sigmund


Innate Abilities, Weirdness & Mutations

You are small and have problems with some larger weapons.
You are completely attuned to the shadows.


Message History

You barely miss the bat. The bat closely misses you.
You hit the giant cockroach but do no damage.
The giant cockroach bites you but does no damage.
The bat hits you. The giant cockroach closely misses you.
You hit the bat.
You kill the bat!
The giant cockroach barely misses you.
You hit the giant cockroach.
The giant cockroach is severely wounded.
The giant cockroach closely misses you.
You barely miss the giant cockroach.
The giant cockroach is severely wounded.
The giant cockroach misses you.
You hit the giant cockroach.
You kill the giant cockroach!
No target in view!
n - 4 scrolls labelled WOCHUSTR DORCHAOSS (gained 1) Sigmund the Dreaded comes into view.
He is wielding a +1 vorpal scythe and wearing a +1 robe of positive energy.
Found 14 gold pieces.
Okay, then.
i - a +0 short sword (weapon)
Found a stone staircase leading down.
Sigmund shouts!
Sigmund hits you from afar with a +1 vorpal scythe.
You aren't carrying any items that you can evoke.
Unknown command.
Unknown command.
a - a +0 rapier (weapon)
Sigmund hits you with a +1 vorpal scythe.
Casting: Kiss of Death (safe; 19% risk of failure)
Confirm with . or Enter, or press ? or * to list all spells.
Aiming: Kiss of Death (safe; 19% risk of failure)
Press: ? - help, Shift-Dir - straight line, f - Sigmund
Aim: Sigmund, wielding a +1 vorpal scythe and wearing a +1 robe of positive energy (100% to hit)
The negative energy hits Sigmund.
Sigmund resists.
Sigmund is drained!
Sigmund is lightly wounded.
You feel drained.
Sigmund hits you with a +1 vorpal scythe!
Ouch! That really hurt!
You die...

.#.....###.###
............#.
####.#####.#.#
## #.# #....
##.# #.# ###.#
#...## #.# #.#
..>..######.#
#.#
...$........#
#.#
...@@########
##.# #...##
#... ##.# #...
## #... ####


You could see Sigmund (very drained).

Vanquished Creatures
  A dart slug (D:2)
  A ball python (D:2)
  3 endoplasms
  3 giant cockroaches
  3 goblins
  A hobgoblin (D:1)
  4 kobolds
  A quokka (D:2)
  2 bats (D:2)
  3 frilled lizards
  2 rats
24 creatures vanquished.

Notes
Turn   | Place    | Note
-------+----------+-------------------------------------------
     0 | D:1      | porpoise the Kobold Reaver began the quest for the Orb.
     0 | D:1      | Reached XP level 1. HP: 12/12 MP: 3/3
   221 | D:1      | Found a faded altar of an unknown god.
   286 | D:1      | Reached XP level 2. HP: 18/18 MP: 5/5
   956 | D:2      | Reached skill level 1 in Stealth
  1184 | D:2      | Reached XP level 3. HP: 22/22 MP: 6/6
  1367 | D:2      | Noticed Sigmund
  1373 | D:2      | Slain by Sigmund

Illustrated notes

Levels and vault maps discovered:
D:1:      eino_arrival_cavern_a, layout_basic,
          hellmonk_ecumenical_altar_lost_god
D:2:      layout_loops_ring, minmay_unequal, uniq_sigmund

Skill      XL: |  1  2  3 |
---------------+----------+-----
Stealth        | 1 |  1.3
Fighting       | 3 |  3.0
Short Blades   | |  4.7
Dodging        | |  2.4
Spellcasting   | |  2.2
Conjurations   | |  3.0

Action                   || total
-------------------------++-------
Melee: Short sword       ||    20
       Rapier            ||    63
 Cast: Kiss of Death     ||     1
 Stab: Sleeping          ||     8
Armor: Leather armour    ||    20
Dodge: Dodged            ||    46

Table legend: (Time is in decaauts)
 A = Elapsed time spent in this place.
 B = Non-inter-level travel time spent in this place.
 C = Inter-level travel time spent in this place.
 D = Time resting spent in this place.
 E = Time spent auto-exploring this place.
 F = Levels seen in this place.
 G = Mean time per level.
                   A        B        C        D        E       F      G
               +--------+--------+--------+--------+--------+-----+--------+
         Total |   1364 |   1302 |     62 |    224 |    837 |   2 |  682.0 |
       Dungeon |   1364 |   1302 |     62 |    224 |    837 |   2 |  682.0 |
               +--------+--------+--------+--------+--------+-----+--------+

Top non-repeatable levels by time:
     D:1: 875 daAuts
     D:2: 489 daAuts
